 Dungeon Crawl Stone Soup version 0.27-a0-1137-g3ef0f4ec91 (webtiles) character file.

Game seed: 12204742740710577608

7772 wakim the Covert (level 11, -4/56 HPs)
             Began as a Vine Stalker Brigand on May 6, 2021.
             Splashed by an acid dragon's acid (11 damage)
             ... on level 10 of the Dungeon.
             The game lasted 00:32:45 (10808 turns).

wakim the Covert (Vine Stalker Brigand)            Turns: 10808, Time: 00:32:46

Health: -4/56      AC: -4    Str: 14    XL:     11   Next: 20%
Magic:  0/12       EV: 16    Int: 20    God:
Gold:   454        SH:  6    Dex: 19    Spells: 10/10 levels left

rFire    . . .     SeeInvis .   a - +3 dagger (vamp)
rCold    + . .     Faith    +   l - +0 buckler
rNeg     + . .     Spirit   +   q - +0 steam dragon scales
rPois    +         Reflect  .   d - +1 helmet {Int+3}
rElec    .         Harm     .   c - +0 cloak
rCorr    .         Rampage  .   (no gloves)
Will     +....                  (no boots)
Stlth    ++++......             g - amulet of Qoufet {Faith rPois rN+ Slay+3 Stlth-}
HPRegen  1.18/turn              b - +6 ring of intelligence
MPRegen  0.13/turn              n - ring of protection from cold

@: corroded
A: fangs 3, regeneration 1, magic shield, antimagic bite, no potion heal 2
a: no special abilities


You were on level 10 of the Dungeon.
You visited 2 branches of the dungeon, and saw 11 of its levels.
You also visited: Ossuary.

You collected 454 gold pieces.

Inventory:

Hand Weapons
 a - a +3 vampiric dagger (weapon)
Missiles
 e - 3 curare-tipped darts {=f}
 j - 4 throwing nets {=f!f}
 m - 3 silver boomerangs
 o - 19 poisoned darts (quivered)
Armour
 c - a +0 cloak (worn)
 d - a +1 helmet of intelligence (worn)
 l - a +0 buckler (worn)
 q - +0 steam dragon scales (worn)
Jewellery
 b - a +6 ring of intelligence (left hand)
 f - a ring of flight
 g - the amulet of Qoufet (around neck) {Faith rPois rN+ Slay+3 Stlth-}
   (You acquired it on level 6 of the Dungeon)

   [amulet of faith]

   It allows you to gain divine favour quickly.
   It affects your accuracy and damage with ranged weapons and melee attacks
   (+3).
   It protects you from poison.
   It protects you from negative energy.
   It makes you less stealthy.
 k - a ring of protection from cold
 n - a ring of protection from cold (right hand)
 p - a ring of poison resistance
Wands
 u - a wand of mindburst (11)
 x - a wand of charming (7)
 y - a wand of paralysis (17)
Scrolls
 h - a scroll of brand weapon
 r - 5 scrolls of identify
 Q - a scroll of immolation {!r!r}
 R - a scroll of magic mapping {!r}
 T - 6 scrolls of teleportation
 U - a scroll of fear
 Y - a scroll of blinking {!r}
Potions
 B - a potion of attraction {!q}
 C - a potion of berserk rage {!q}
 D - a potion of brilliance
 F - a potion of curing
 G - a potion of flight
 H - a potion of haste
 N - a potion of might


   Skills:
 + Level 6.0 Fighting
 * Level 8.5 Short Blades
 + Level 6.0 Throwing
 + Level 6.9 Dodging
 + Level 9.6 Stealth
 - Level 4.0 Shields


You had 10 spell levels left.
You didn't know any spells.
Your spell library contained the following spells:

 Spells                   Type           Power      Damage    Failure   Level
 Sting                    Tmut/Pois      0%         1d3       19%         1
 Poisonous Vapours        Pois/Air       0%         N/A       28%         2
 Ignite Poison            Fire/Tmut/Pois 0%         N/A       50%         3
 Mephitic Cloud           Conj/Pois/Air  0%         N/A       50%         3
 Olgreb's Toxic Radiance  Pois           0%         N/A       88%         4


Dungeon Overview and Level Annotations

Branches:
Dungeon (10/15)            Temple (1/1) D:7            Lair (0/6) D:8
Ossuary (visited)
    Orc: D:9-12

Altars:
Ashenzari
Cheibriados
Dithmenos
Hepliaklqana
Makhleb
Nemelex Xobeh
Okawaru
Ru
Sif Muna
Trog
Xom
The Shining One

Shops:
D:3 (

Annotations:
D:1 dig
D:8 exclusion: ice statue
D:9 2 transporters, Amon001's ghost, novice TrBe


Innate Abilities, Weirdness & Mutations

You have razor-sharp teeth.
Your natural rate of healing is unusually fast.
When hurt, damage is shared between your health and your magic reserves.
Your bite disrupts and absorbs the magic of your enemies.
Potions cannot restore your health.


Message History

The acid dragon is moderately wounded.
The acid dragon bites you.
The acid dragon claws you but does no damage.
You hit the acid dragon. Your bite misses the acid dragon.
The acid dragon is moderately wounded.
You hit the acid dragon.
You feel better.
You bite the acid dragon, but do no damage.
The acid dragon is moderately wounded.
The acid dragon bites you but does no damage.
The acid dragon claws you.
You hit the acid dragon.
You feel better.
You bite the acid dragon. You drain its power.
You feel invigorated.
The acid dragon is heavily wounded.
The acid dragon spits acid at you. The splash of acid hits you!
The acid corrodes you!
You are splashed with acid!
You hit the acid dragon but do no damage.
You bite the acid dragon, but do no damage.
The acid dragon is heavily wounded.
The howler monkey zombie barely misses you.
Unknown command.
You closely miss the acid dragon.
The acid dragon is heavily wounded.
The acid dragon barely misses you. You block the acid dragon's attack.
You block the howler monkey zombie's attack.
Unknown command.
You hit the acid dragon but do no damage.
You bite the acid dragon, but do no damage.
The acid dragon is heavily wounded.
You closely miss the acid dragon. Your bite misses the acid dragon.
The acid dragon is heavily wounded.
The acid dragon spits acid at you. The splash of acid hits you!
* * * LOW HITPOINT WARNING * * *
The acid corrodes you!
You are splashed with acid!
* * * LOW HITPOINT WARNING * * *
The acid dragon spits acid at you. The splash of acid hits you!
* * * LOW HITPOINT WARNING * * *
The acid corrodes you!
You are splashed with acid!
You die...

.#...... #.. ##.
#(..(..# ### #..
#..((..# #... #..)...#
#.. ......# . #..
#.....# #.#..# #.#....##
#.#....#.##.....#
#.....@##Z#)...#
.........D#.#...#
...........##...# ###
.............#..###.## #
................##...# #
#.#######.#####.##...###
# ..............#..#..#.
#############.#.###.#.
#...# #...


You could see an acid dragon (catching breath).

Vanquished Creatures
  A manticore (D:8)
  A meliai (D:8)
  Prince Ribbit (D:5)
  A slime creature (D:8)
  2 shadows (D:8)
  A wyvern (D:8)
  5 yaks
  2 humans (D:10)
  2 steam dragons
  4 orc warriors
  2 sky beasts
  3 black bears
  3 ice beasts
  2 necrophages (D:7)
  4 ogres
  A centaur (D:8)
  2 elf zombies (Ossuary)
  3 bullfrogs
  A wyvern zombie (D:6)
  2 kobold brigands
  A water moccasin zombie (D:5)
  A scorpion (D:7)
  3 gnoll sergeants
  8 killer bees
  15 wights
  4 howler monkeys
  A bullfrog zombie (D:6)
  3 human zombies (Ossuary)
  2 centaur zombies
  4 orc priests
  A centaur skeleton (D:7)
  2 hounds
  A bullfrog skeleton (D:5)
  A gnoll shaman (D:4)
  A jelly (D:7)
  3 iguanas
  10 orc wizards
  Terence (D:2)
  2 killer bee zombies
  4 hound zombies
  3 mummies (Ossuary)
  3 howler monkey zombies
  24 gnolls
  11 adders
  2 ufetubi
  A worm zombie (D:5)
  2 adder zombies (Ossuary)
  A worm (D:3)
  A dart slug (D:4)
  25 orcs
  4 ball pythons
  3 endoplasms
  2 giant cockroaches
  8 goblins
  4 hobgoblins
  13 jackals
  2 quokkas
  5 bats
  2 frilled lizards (D:1)
  6 goblin zombies (Ossuary)
  4 hobgoblin zombies (Ossuary)
  5 jackal zombies (Ossuary)
  17 kobolds
  3 orc zombies (Ossuary)
  4 quokka zombies (Ossuary)
  6 rats
  4 rat zombies (Ossuary)
276 creatures vanquished.

Vanquished Creatures (others)
  6 plants (D:2)
6 creatures vanquished.

Grand Total: 282 creatures vanquished

Notes
Turn   | Place    | Note
-------+----------+-------------------------------------------
     0 | D:1      | wakim the Vine Stalker Brigand began the quest for the Orb.
     0 | D:1      | Reached XP level 1. HP: 11/11 MP: 2/2
   279 | D:1      | Reached skill level 1 in Dodging
   340 | D:1      | Reached XP level 2. HP: 15/15 MP: 3/3
  1137 | D:1      | Found a faded altar of an unknown god.
  1499 | D:2      | Reached XP level 3. HP: 18/18 MP: 4/4
  1530 | D:2      | Reached skill level 5 in Stealth
  2070 | D:2      | Noticed Terence
  2568 | D:2      | Killed Terence
  2569 | D:2      | Gained mutation: Your natural rate of healing is unusually
                  | fast. [Vine Stalker growth]
  2569 | D:2      | Reached XP level 4. HP: 15/23 MP: 3/5
  3013 | D:3      | Found Pesaafod's Weapon Emporium.
  3230 | D:3      | Reached XP level 5. HP: 27/27 MP: 4/6
  3875 | D:4      | Noticed an ogre
  3880 | D:4      | Killed an ogre
  3881 | D:4      | Reached XP level 6. HP: 32/32 MP: 7/7
  4276 | D:4      | Reached XP level 7. HP: 35/35 MP: 8/8
  4364 | D:4      | Reached skill level 6 in Stealth
  4539 | D:5      | Entered Level 5 of the Dungeon
  4871 | D:5      | Found a sand-covered staircase.
  4884 | D:5      | Gained mutation: You have razor-sharp teeth. [Vine Stalker
                  | growth]
  4884 | D:5      | Reached XP level 8. HP: 40/40 MP: 9/9
  4888 | Ossuary  | Entered an ossuary
  5084 | Ossuary  | Reached skill level 5 in Short Blades
  5737 | D:6      | Noticed Prince Ribbit
  5760 | D:5      | Killed Prince Ribbit
  5761 | D:5      | Reached skill level 7 in Stealth
  5844 | D:6      | Reached XP level 9. HP: 45/45 MP: 10/10
  5874 | D:6      | Reached skill level 5 in Dodging
  6339 | D:6      | Identified the +1 ring mail of Xom's Respect {rF- rN+
                  | Str+4}
  6434 | D:6      | Identified a scroll of acquirement
  6435 | D:6      | Acquired the amulet of Qoufet {Faith rPois rN+ Slay+3
                  | Stlth-}
  6470 | D:6      | Found a sacrificial altar of Ru.
  7008 | D:7      | Found a staircase to the Ecumenical Temple.
  7018 | D:7      | Reached skill level 8 in Stealth
  7031 | Temple   | Entered the Ecumenical Temple
  7296 | D:7      | Reached skill level 5 in Fighting
  7296 | D:7      | Reached XP level 10. HP: 48/51 MP: 8/11
  7755 | D:8      | Found a staircase to the Lair.
  7778 | D:8      | Reached skill level 5 in Throwing
  7803 | D:7      | Reached skill level 1 in Shields
  8948 | D:8      | Noticed a manticore
  8967 | D:8      | Killed a manticore
  8968 | D:8      | Reached skill level 9 in Stealth
  9190 | D:8      | Noticed an ice statue
  9339 | D:9      | Noticed a two-headed ogre
  9341 | D:9      | Noticed a two-headed ogre
  9346 | D:9      | Found a transporter.
  9351 | D:9      | Found a transporter.
  9351 | D:9      | Noticed a moth of wrath
  9352 | D:9      | Noticed a tengu warrior
  9354 | D:9      | Noticed Amon001's ghost (novice TrBe)
  9733 | D:8      | Reached XP level 11. HP: 49/56 MP: 12/12
  9767 | D:9      | Found a bloodstained altar of Trog.
 10481 | D:10     | Entered Level 10 of the Dungeon
 10575 | D:10     | Found an iron altar of Okawaru.
 10808 | D:10     | Splashed by an acid dragon's acid

Illustrated notes

Levels and vault maps discovered:
D:1:      lemuel_arrival_behind_the_door_large, layout_rooms,
          hellmonk_ecumenical_altar_crossroads, due_unseen_surprise
D:2:      layout_loops_ring, serial_bayou_lagoon_b, uniq_terence
D:3:      layout_loops_ring, serial_shops, shop, minmay_hedge_maze
D:4:      layout_loops_cross
D:5:      layout_basic, enter_ossuary_3
D:6:      layout_cave_pools, nicolae_ru_sacrificial_ziggurat,
          uniq_prince_ribbit1
D:7:      minmay_skewed_foursquare, layout_loops_cross,
          minmay_temple_entry_offerings, hangedman_decor_lopped
D:8:      lemuel_ice_statue, layout_loops_corners, david_lair_generic,
          hangedman_decor_slide_cut, kb_rosetta
D:9:      layout_small_grid, gammafunk_ghost_wrathful_warriors
D:10:     layout_basic, okawaru_humans, nicolae_vehumet_radiance, minitemple,
          serial_curves, eino_curves_03, eino_curves_03,
          minmay_misc_feat_secret_circle, hangedman_abyss_or_decor_slice
Temple:   cyrus_temple_forest

Skill      XL: |  1  2  3  4  5  6  7  8  9 10 11 |
---------------+----------------------------------+-----
Short Blades   | 2 3 4 5 7 8 |  8.5
Dodging        | 1 2 3 4 6 |  6.9
Throwing       | 2 3 4 5 6 |  6.0
Fighting       | 2 3 4 5 6 |  6.0
Stealth        | 5 6 7 8 9 |  9.6
Shields        | 3 4 |  4.0

Action                   |  1- 3 |  4- 6 |  7- 9 | 10-12 || total
-------------------------+-------+-------+-------+-------++-------
Melee: Dagger            |    98 |   140 |   490 |   384 ||  1112
       Bite              |    18 |    33 |   184 |   147 ||   382
Throw: Dart              |     5 |    16 |    47 |    55 ||   123
  Use: Scroll            |     1 |     4 |    13 |     4 ||    22
       Potion            |     1 |       |       |     1 ||     2
 Stab: Sleeping          |     5 |     7 |    21 |     5 ||    38
       Distracted        |       |       |       |     1 ||     1
Armor: Robe              |    18 |     1 |       |       ||    19
       Leather armour    |       |    13 |    97 |    11 ||   121
       Skin              |       |       |    19 |       ||    19
       Steam dragon scal |       |       |       |    55 ||    55
Dodge: Dodged            |    64 |    64 |   274 |   207 ||   609
Block: Buckler           |       |       |       |    76 ||    76

Table legend: (Time is in decaauts)
 A = Elapsed time spent in this place.
 B = Non-inter-level travel time spent in this place.
 C = Inter-level travel time spent in this place.
 D = Time resting spent in this place.
 E = Time spent auto-exploring this place.
 F = Levels seen in this place.
 G = Mean time per level.
                   A        B        C        D        E       F      G
               +--------+--------+--------+--------+--------+-----+--------+
         Total |  10522 |   9957 |    565 |    420 |   6624 |  12 |  876.8 |
       Dungeon |  10102 |   9561 |    541 |    420 |   6437 |  10 | 1010.2 |
        Temple |     84 |     60 |     24 |      0 |     58 |   1 |   84.0 |
       Ossuary |    334 |    334 |      0 |      0 |    129 |   1 |  334.0 |
               +--------+--------+--------+--------+--------+-----+--------+

Top non-repeatable levels by time:
     D:8: 1854 daAuts
     D:1: 1745 daAuts
     D:2: 1133 daAuts
     D:7: 986 daAuts
     D:5: 918 daAuts
     D:3: 851 daAuts
     D:4: 788 daAuts
     D:9: 786 daAuts
     D:6: 737 daAuts
 Ossuary: 334 daAuts
    D:10: 300 daAuts
  Temple: 84 daAuts
